 Dungeon Crawl Stone Soup version 0.25.1-2-g60ff931df9 (webtiles) character file.

Game seed: 8595757842798859272

146088 RUZZLEFAZAZZLE the Grappler (level 16, 0/165 HPs)
             Began as a Troll Monk on Aug 26, 2020.
             Was a High Priest of Okawaru.
             Slain by the 27-headed Lernaean hydra (11 damage)
             ... on level 4 of the Swamp.
             The game lasted 01:47:47 (28410 turns).

RUZZLEFAZAZZLE the Grappler (Troll Monk)           Turns: 28410, Time: 01:47:50

Health: 0/165      AC: 39    Str: 32    XL:     16   Next: 88%
Magic:  21/21      EV: 15    Int:  8    God:    Okawaru [*****.]
Gold:   5952       SH:  5    Dex: 18    Spells: 15/15 levels left

rFire    + + .     SeeInvis .   t - +7 flail "Diubu" {venom, *Slow +Inv rN+ Str+4}
rCold    + + .     Gourm    +   (no shield)
rNeg     + + .     Faith    .   p - +5 gold dragon scales "Moyghola" {rElec rPois rF+ rC+ rN+}
rPois    +         Spirit   .   k - +2 hat {MR+}
rElec    +         Reflect  +   T - scarf {rC+ rF+}
rCorr    .         Harm     .   (gloves unavailable)
MR       ++...                  (boots unavailable)
Stlth    ..........             z - amulet of reflection
HPRegen  0.77/turn              d - +6 ring of dexterity
MPRegen  0.17/turn              I - +4 ring of protection

@: heroism, berserk cooldown, very slightly contaminated, slowed, very slow
A: large, unfitting armour, claws 3, yellow scales 1, blink, clever 1, fast
metabolism 3, gourmand, low mp 1, poison resistance, regeneration 1, shaggy fur
1, tough skin 3
a: Blink, Heroism, Finesse, Renounce Religion, Evoke Invisibility


You were on level 4 of the Swamp.
You worshipped Okawaru.
Okawaru was extremely pleased with you.
You were very full.

You visited 6 branches of the dungeon, and saw 29 of its levels.
You also visited: Sewer, Ossuary and Bailey.

You collected 7630 gold pieces.
You spent 1678 gold pieces at shops.

Inventory:

Hand Weapons
 t - the +7 flail "Diubu" (weapon) {venom, *Slow +Inv rN+ Str+4}
   (You found it in a bailey)

   It poisons the flesh of those it strikes.
   It affects your strength (+4).
   It protects you from negative energy.
   It lets you turn invisible.
   It may slow you when you take damage.
 F - the +8 war axe "Giror" {vorpal, rElec}
   (You found it on level 5 of the Lair of Beasts)

   It inflicts extra damage upon your enemies.
   It insulates you from electricity.
Armour
 k - a +2 hat of magic resistance (worn)
 p - the +5 gold dragon scales "Moyghola" (worn) {rElec rPois rF+ rC+ rN+}
   (Okawaru gifted it to you on level 2 of the Swamp)

   It protects you from fire.
   It protects you from cold.
   It insulates you from electricity.
   It protects you from poison.
   It protects you from negative energy.
 H - a +2 tower shield of resistance
 T - a scarf of resistance (worn)
Jewellery
 d - a +6 ring of dexterity (left claw)
 z - an amulet of reflection (around neck)
 I - a +4 ring of protection (right claw)
Wands
 u - a wand of flame (41)
 x - a wand of random effects (25)
 y - a wand of enslavement (12)
 D - a wand of paralysis (5)
 E - a wand of clouds (15)
 L - a wand of iceblast (8)
 R - a wand of polymorph (10)
 U - a wand of acid (5)
Scrolls
 a - 2 scrolls of holy word
 f - 4 scrolls of remove curse
 g - 5 scrolls of teleportation
 h - 20 scrolls of identify
 j - 5 scrolls of fear
 l - 2 scrolls of enchant weapon
 m - 4 scrolls of fog
 q - 3 scrolls of enchant armour
 r - a scroll of summoning
 s - 3 scrolls of immolation
 v - 5 scrolls of amnesia
 C - a scroll of magic mapping
Potions
 e - 2 potions of heal wounds
 i - 6 potions of haste
 n - 3 potions of stabbing
 o - 9 potions of magic
 w - 5 potions of resistance
 A - 2 potions of brilliance
 B - 8 potions of curing
 J - 3 potions of ambrosia
 K - 3 potions of cancellation
 Q - 3 potions of lignification
 V - 3 potions of flight
 Z - a potion of might
Miscellaneous
 c - a phantom mirror
Comestibles
 b - 48 rations


   Skills:
 + Level 12.2(17.2) Fighting
 + Level 14.0(19.0) Armour
 + Level 12.2(17.2) Dodging
 - Level 1.0(6.0) Stealth
 + Level 14.2(19.2) Unarmed Combat
 + Level 12.0 Invocations


You had 15 spell levels left.
You didn't know any spells.
Your spell library contained the following spells:

 Spells                   Type           Power        Failure   Level  Hunger
 Beastly Appendage        Tmut           #.....       99%         1    ##.....
 Freeze                   Ice            #...         99%         1    ##.....
 Infusion                 Chrm           #...         99%         1    ##.....
 Poisonous Vapours        Pois/Air       #.....       99%         2    ###....
 Shroud of Golubria       Chrm/Tloc      #.....       99%         2    ###....
 Song of Slaying          Chrm           #.......     99%         2    ###....
 Sticks to Snakes         Tmut           #.......     99%         2    ###....
 Conjure Flame            Conj/Fire      #.......     100%        3    ####...
 Frozen Ramparts          Ice            #.....       100%        3    ####...
 Mephitic Cloud           Conj/Pois/Air  #.......     100%        3    ####...
 Ozocubu's Armour         Chrm/Ice       #.......     100%        3    ####...
 Spectral Weapon          Hex/Chrm       #.......     100%        3    ####...
 Spider Form              Tmut/Pois      #.........   100%        3    ####...
 Hailstorm                Conj/Ice       #.......     100%        4    #####..
 Ice Form                 Ice/Tmut       #.......     100%        4    #####..
 Leda's Liquefaction      Hex/Erth       #.........   100%        4    #####..
 Summon Ice Beast         Ice/Summ       #.......     100%        4    #####..
 Blade Hands              Tmut           #.........   100%        5    ######.
 Bolt of Magma            Conj/Fire/Erth #.........   100%        5    ######.
 Iskenderun's Battlesphe  Conj/Chrm      #.......     100%        5    ######.
 Freezing Cloud           Conj/Ice/Air   #.........   100%        6    #######
 Iron Shot                Conj/Erth      #.........   100%        6    #######
 Statue Form              Tmut/Erth      #........    100%        6    #######
 Orb of Destruction       Conj           #.........   100%        7    #######
 Ring of Flames           Chrm/Fire      #.........   100%        7    #######
 Spellforged Servitor     Conj/Summ      #.........   100%        7    #######
 Shatter                  Erth           #.........   100%        9    #######


Dungeon Overview and Level Annotations

Branches:
Dungeon (15/15)            Temple (1/1) D:6            Lair (6/6) D:10
  Swamp (4/4) Lair:4       Spider (0/4) Lair:4        Slime (0/5) Lair:5
    Orc (2/2) D:10            Elf (0/3) Orc:2        Vaults (0/5) D:14
 Depths (1/5) D:15          Sewer (visited)         Ossuary (visited)
 Bailey (visited)

Altars:
Ashenzari
Cheibriados
Dithmenos
Elyvilon
Fedhas
Gozag
Hepliaklqana
Kikubaaqudgha
Makhleb
Nemelex Xobeh
Okawaru
Qazlal
Ru
Sif Muna
Trog
Uskayaw
Vehumet
Wu Jian
Xom
Yredelemnul
Zin
The Shining One
Beogh

Shops:
D:5 (   D:6 *   D:7 =   D:14 :   Orc:2 %**:

Portals:
Trove: D:13 (give +3 storm dragon scales)

Annotations:
Swamp:4 Lernaean hydra


Innate Abilities, Weirdness & Mutations

You are too large for most types of armour.
You have claws for hands.
Your metabolism is lightning-fast.
You like to eat raw meat.
Your natural rate of healing is unusually fast.
You are covered in fur. (AC +1)
You have extremely tough skin. (AC +3)
You are partially covered in yellow scales. (AC +2)
You can translocate small distances at will.
Your mind is acute. (Int +2)
Your magical capacity is low. (-10% MP)
Your system is resistant to poisons. (rPois)


Message History

The 27-headed Lernaean hydra misses you.
The five-headed hydra bites you but does no damage.
The five-headed hydra bites you.
* * * LOW HITPOINT WARNING * * *
The five-headed hydra bites you but does no damage.
The five-headed hydra misses you. The five-headed hydra bites you!
* * * LOW HITPOINT WARNING * * *
The eight-headed hydra bites you but does no damage.
You block the eight-headed hydra's attack.
The eight-headed hydra bites you.
* * * LOW HITPOINT WARNING * * *
The eight-headed hydra bites you.
* * * LOW HITPOINT WARNING * * *
The eight-headed hydra misses you.
The eight-headed hydra bites you but does no damage. x3
The 27-headed Lernaean hydra bites you but does no damage.
The 27-headed Lernaean hydra barely misses you.
The 27-headed Lernaean hydra bites you but does no damage. x2
The 27-headed Lernaean hydra bites you!
You die...

♣....≈≈≈≈≈♣♣♣♣♣♣♣...≈≈≈..§...≈≈
♣.D.≈≈≈≈≈≈≈♣♣≈≈≈....≈≈≈≈≈≈...≈§
♣♣♣..≈≈≈≈≈≈≈≈♣♣♣♣≈≈≈≈....≈≈≈≈≈...
♣≈Fk.§≈≈≈≈≈≈≈≈≈♣♣♣≈≈≈≈.♣≈≈≈≈§≈≈.♣
.DD♣≈.≈≈≈≈≈≈≈≈.♣♣♣≈≈≈..≈..≈≈≈≈.≈♣
≈≈§♣♣≈≈≈≈≈≈D§≈≈..♣.[♣♣.≈≈.≈≈≈≈.≈≈
.≈.♣♣≈≈..≈≈≈≈≈≈≈.°.♣≈≈≈≈..≈≈≈≈≈..
≈≈≈....♣♣.≈≈≈≈°D°≈♣♣.≈≈≈§≈≈≈≈≈≈≈.
≈≈≈≈≈..♣♣♣J≈≈kFD@°♣♣.≈≈≈≈≈≈≈≈≈≈..
≈≈≈≈≈♣.≈♣♣♣.≈≈°D°♣♣♣♣.≈≈≈≈≈......
≈.≈≈≈≈♣.≈♣♣♣♣≈.k°.≈≈≈≈≈≈≈≈..≈≈≈≈≈
≈.≈≈≈≈♣♣≈♣ ♣♣♣...≈≈≈≈≈≈≈....≈≈.♣
≈.....♣♣♣♣ ♣..≈....≈≈≈..≈≈≈...
≈...≈≈≈♣ ♣♣♣♣♣♣.≈≈≈♣.≈≈≈≈≈≈≈
≈...≈≈≈.♣ ♣♣♣≈≈≈≈.≈≈≈≈≈.≈≈
§≈..≈≈≈.♣♣♣♣♣♣ ♣♣)..≈≈≈≈≈≈≈≈≈.♣♣
≈.....♣♣♣.≈§.♣♣♣♣≈.≈♣...≈≈≈≈≈≈≈≈≈


You could see the 27-headed Lernaean hydra, an eight-headed hydra, a five-headed
hydra, a swamp dragon, a slime creature, a spiny frog and 2 swamp drakes.

Vanquished Creatures
  Gastronok (D:9)
  2 thorn hunters (Swamp:2)
  Louise (Swamp:3)
  3 orc warlords
  A stone giant (D:14)
  The ghost of Filipn the Impaler, a journeyman TeAK of Lugonu (D:15)
  The ghost of Falyzxea the Basher, a journeyman FoFi of Okawaru (D:13)
  Josephine (D:15)
  Harold (D:10)
  Erica (D:9)
  9 hydras
  A shambling mangrove (Swamp:4)
  3 catoblepae (Lair:6)
  4 tengu warriors
  A ghost crab (Swamp:3)
  2 centaur warriors
  15 two-headed ogres
  19 death yaks
  20 alligators
  3 ogre magi
  A deep elf knight (D:14)
  3 unseen horrors
  3 deep trolls
  An orange crystal statue (D:9)
  A spriggan druid (Swamp:4)
  A swamp dragon (Swamp:3)
  A wizard (D:15)
  A deep elf archer (D:15)
  Pikel (D:9)
  5 lindwurms
  4 orc knights
  A wolf spider (Lair:4)
  2 ugly things
  3 orc sorcerers (Orc:2)
  6 manticores
  4 cyclopes
  5 deep elf magi
  3 black mambas
  19 elephants
  Psyche (D:9)
  2 gargoyles
  13 spiny frogs
  8 komodo dragons
  Maggie (D:9)
  4 centaur skeletons
  A rime drake (Lair:5)
  5 yaktaurs
  A tengu conjurer (Swamp:3)
  A kobold demonologist (D:15)
  A merfolk (D:9)
  7 tyrant leeches
  A jumping spider (Lair:4)
  A polar bear (Lair:4)
  19 trolls
  Prince Ribbit (D:9)
  23 slime creatures
  4 hornets
  6 bog bodies
  12 hippogriffs
  8 blink frogs
  4 dream sheep (Lair:5)
  A dream sheep (shapeshifter) (D:15)
  2 redbacks (Lair:4)
  A vampire (D:12)
  3 shadows
  6 wraiths
  A spriggan (Swamp:2)
  38 yaks
  Grum (Lair:1)
  3 wyverns
  3 basilisks
  19 vampire mosquitoes
  A steam dragon (D:8)
  A hungry ghost (D:8)
  11 swamp worms
  A warg (Orc:1)
  17 insubstantial wisps
  A soldier ant (D:11)
  An acid dragon (D:14)
  4 porcupines
  An ice beast (D:6)
  8 water moccasins
  2 swamp drakes
  31 orc warriors
  A phantom (D:9)
  A black bear (D:10)
  4 necrophages
  A sky beast (D:7)
  14 wolves
  An ogre (shapeshifter) (D:15)
  10 centaurs
  24 ogres
  13 crocodiles
  6 big kobolds
  13 bullfrogs
  A gnoll sergeant (D:7)
  A wyvern skeleton (D:7)
  3 scorpions
  6 killer bees (D:7)
  8 wights
  2 howler monkeys
  A lava snake (D:9)
  8 crimson imps
  2 centaur zombies
  2 quasits
  7 hounds
  3 jellies
  6 bullfrog skeletons
  A bullfrog zombie (D:11)
  16 orc priests
  5 iguanas
  A gnoll shaman (D:10)
  Terence (D:2)
  21 orc wizards
  11 worker ants
  A hound skeleton (D:9)
  13 mummies (Ossuary)
  A howler monkey zombie (D:7)
  3 worker ant zombies
  Robin (D:2)
  26 gnolls
  3 river rats (Sewer)
  12 adders
  4 shadow imps
  5 oozes (Sewer)
  An adder zombie (D:7)
  7 worms
  3 dart slugs
  11 leopard geckos
  82 orcs
  5 bats
  7 giant cockroaches
  36 goblins
  24 hobgoblins
  9 jackals
  5 quokkas
  A ball python (Sewer)
  3 frilled lizards (D:1)
  A gnoll skeleton (Ossuary)
  A goblin skeleton (Ossuary)
  28 kobolds
  4 kobold skeletons (Ossuary)
  A leopard gecko skeleton (D:4)
  2 orc skeletons (Ossuary)
  2 quokka zombies
  11 rats
  11 rat skeletons (Ossuary)
  6 briar patches (Swamp:2)
  2 fungi (Lair:5)
  6 plants (D:10)
968 creatures vanquished.

Vanquished Creatures (others)
  3 slaves (D:9)
  2 lava snakes (D:9)
  An orc wizard (D:15)
  A briar patch (Swamp:2)
  6 fungi
  2 plants
15 creatures vanquished.

Grand Total: 983 creatures vanquished

Notes
Turn   | Place    | Note
-------+----------+-------------------------------------------
     0 | D:1      | RUZZLEFAZAZZLE the Troll Monk began the quest for the Orb.
     0 | D:1      | Reached XP level 1. HP: 22/22 MP: 0/0
   111 | D:1      | Reached XP level 2. HP: 24/29 MP: 1/1
   285 | D:1      | Found a shimmering altar of Xom.
   475 | D:2      | Reached skill level 1 in Armour
   510 | D:2      | Reached XP level 3. HP: 36/36 MP: 2/2
   599 | D:2      | Found an opulent altar of Gozag.
   697 | D:2      | Noticed Terence
   703 | D:2      | Killed Terence
   703 | D:2      | Reached XP level 4. HP: 37/44 MP: 3/3
   825 | D:2      | Noticed Robin
   836 | D:2      | Killed Robin
  1316 | D:3      | Reached XP level 5. HP: 48/53 MP: 4/4
  1863 | D:3      | Found a glowing golden altar of the Shining One.
  1940 | D:3      | Found a shimmering blue altar of Sif Muna.
  2153 | D:4      | Noticed an ogre
  2163 | D:4      | Killed an ogre
  2163 | D:4      | Reached XP level 6. HP: 61/61 MP: 5/5
  2643 | D:5      | Entered Level 5 of the Dungeon
  2668 | D:5      | Found a sand-covered staircase.
  2673 | Ossuary  | Entered an ossuary
  2773 | Ossuary  | Gained mutation: Armour fits poorly on your strangely
                  | shaped body. [potion of mutation]
  2773 | Ossuary  | Gained mutation: Your system is resistant to poisons.
                  | (rPois) [potion of mutation]
  2773 | Ossuary  | Gained mutation: You can translocate small distances at
                  | will. [potion of mutation]
  2774 | Ossuary  | Lost mutation: Your system is resistant to poisons. (rPois)
                  | [potion of mutation]
  2774 | Ossuary  | Lost mutation: Armour fits poorly on your strangely shaped
                  | body. [potion of mutation]
  2774 | Ossuary  | Gained mutation: Your mind is acute. (Int +2) [potion of
                  | mutation]
  2774 | Ossuary  | Gained mutation: Your system is resistant to poisons.
                  | (rPois) [potion of mutation]
  2774 | Ossuary  | Gained mutation: Your magical capacity is low. (-10% MP)
                  | [potion of mutation]
  2774 | Ossuary  | Gained mutation: You are partially covered in yellow
                  | scales. (AC +2) [potion of mutation]
  2885 | Ossuary  | Reached XP level 7. HP: 68/68 MP: 5/5
  3171 | D:5      | Reached skill level 5 in Unarmed Combat
  3329 | D:5      | Found a glowing drain.
  3341 | Sewer    | Entered a sewer
  3580 | Sewer    | Reached XP level 8. HP: 79/79 MP: 6/6
  4106 | D:5      | Found a glowing golden altar of the Shining One.
  4131 | D:5      | Noticed a hippogriff
  4145 | D:5      | Killed a hippogriff
  4285 | D:5      | Found Netulied's Antique Weapon Boutique.
  4440 | D:6      | Noticed a hippogriff
  4449 | D:6      | Killed a hippogriff
  4449 | D:6      | Reached skill level 5 in Fighting
  4449 | D:6      | Reached skill level 5 in Dodging
  4756 | D:6      | Found a staircase to the Ecumenical Temple.
  4765 | Temple   | Entered the Ecumenical Temple
  4825 | Temple   | Became a worshipper of Warmaster Okawaru
  4825 | Temple   | Reached * piety under Okawaru
  4825 | Temple   | Reached ** piety under Okawaru
  4887 | D:6      | Found a sparkling altar of Nemelex Xobeh.
  4929 | D:6      | Found Acichit's Alliterative Accessories.
  5069 | D:6      | Reached XP level 9. HP: 58/88 MP: 7/7
  5210 | D:6      | Found a hide-covered altar of Uskayaw.
  5611 | D:7      | Found a white marble altar of Elyvilon.
  5688 | D:7      | Found a flagged portal.
  5699 | Bailey   | Entered a bailey
  5718 | Bailey   | Reached skill level 1 in Invocations
  5858 | Bailey   | Reached skill level 5 in Armour
  6079 | Bailey   | Noticed an orc knight
  6079 | Bailey   | Noticed an orc warlord
  6080 | Bailey   | Noticed an orc knight
  6088 | Bailey   | Killed an orc knight
  6088 | Bailey   | Reached *** piety under Okawaru
  6098 | Bailey   | Killed an orc warlord
  6098 | Bailey   | Reached **** piety under Okawaru
  6098 | Bailey   | Reached XP level 10. HP: 45/100 MP: 7/10
  6105 | Bailey   | Killed an orc knight
  6111 | Bailey   | HP: 4/150 [orc warrior/+0 war axe (22)]
  6313 | Bailey   | Got a warped flail
  6332 | Bailey   | Identified 2 scrolls of acquirement
  6535 | D:7      | Found Qadesit's Jewellery Boutique.
  6593 | D:7      | Bought an uncursed amulet of reflection for 330 gold pieces
  6599 | D:7      | Acquired 780 gold pieces
  6604 | D:7      | Acquired 1420 gold pieces
  6648 | D:6      | Bought a manual of Armour for 1324 gold pieces
  6706 | D:7      | Noticed a manticore
  6721 | D:7      | Killed a manticore
  7071 | D:7      | Found a basalt altar of Yredelemnul.
  7078 | D:7      | Identified the +7 flail "Diubu" {venom, *Slow +Inv rN+
                  | Str+4} (You found it in a bailey)
  7149 | D:8      | Found a blossoming altar of Fedhas.
  7189 | D:8      | Reached ***** piety under Okawaru
  7264 | D:8      | Found an iron altar of Okawaru.
  7336 | D:8      | Noticed a two-headed ogre
  7346 | D:8      | Killed a two-headed ogre
  7507 | D:8      | Noticed a two-headed ogre
  7518 | D:8      | Killed a two-headed ogre
  7518 | D:8      | Reached skill level 5 in Invocations
  7518 | D:8      | Reached XP level 11. HP: 44/109 MP: 12/12
  8234 | D:9      | Noticed Psyche
  8245 | D:9      | Killed Psyche
  8314 | D:9      | Noticed Gastronok
  8324 | D:9      | Killed Gastronok
  8324 | D:9      | Received a gift from Okawaru
  8404 | D:9      | Noticed an orange crystal statue
  8468 | D:9      | Noticed Pikel
  8483 | D:9      | Killed Pikel
  8646 | D:9      | Noticed Erica
  8653 | D:9      | Killed Erica
  8680 | D:9      | Noticed Maggie
  8690 | D:9      | Killed Maggie
  9206 | D:9      | Noticed Prince Ribbit
  9221 | D:9      | Killed Prince Ribbit
  9410 | D:9      | Killed an orange crystal statue
  9586 | D:9      | Found a burning altar of Makhleb.
  9632 | D:10     | Entered Level 10 of the Dungeon
  9747 | D:10     | Noticed a purple ugly thing
  9756 | D:10     | Killed a purple ugly thing
 10101 | D:10     | Reached XP level 12. HP: 119/119 MP: 14/14
 10102 | D:10     | Noticed Harold
 10116 | D:10     | Killed Harold
 10116 | D:10     | Received a gift from Okawaru
 10119 | D:10     | Got a dazzling animal skin {god gift}
 10131 | D:10     | Identified the +1 animal skin of the Wary Demons {+Fly
                  | Dex+3} (Okawaru gifted it to you on level 10 of the
                  | Dungeon)
 10153 | D:10     | Acquired 270 gold pieces
 10284 | D:10     | Found a staircase to the Orcish Mines.
 10313 | D:10     | Found a staircase to the Lair.
 10376 | D:10     | Noticed a two-headed ogre
 10382 | D:10     | Killed a two-headed ogre
 10933 | D:11     | Reached skill level 10 in Unarmed Combat
 12397 | D:12     | Reached skill level 10 in Armour
 12806 | D:13     | Noticed a seven-headed hydra
 12817 | D:13     | Killed a seven-headed hydra
 12990 | D:13     | Noticed Falyzxea's ghost (journeyman FoFi)
 12991 | D:13     | Found a runed translucent door.
 13044 | D:13     | Killed Falyzxea's ghost
 13408 | D:13     | Found a portal to a secret trove of treasure.
 13630 | D:14     | Reached XP level 13. HP: 117/131 MP: 9/16
 13815 | D:14     | Noticed a stone giant
 13826 | D:14     | Killed a stone giant
 14386 | D:14     | Found the +6 shillelagh "Devastator" {shatter}
 14476 | D:14     | Found Binotado's Book Shop.
 14642 | D:14     | Received a gift from Okawaru
 14766 | D:14     | Found a gate to the Vaults.
 15139 | D:15     | Entered Level 15 of the Dungeon
 15155 | D:15     | Found a runed translucent door.
 15155 | D:15     | Noticed Filipn's ghost (journeyman TeAK)
 15559 | D:15     | Noticed Josephine
 15591 | D:15     | Killed Josephine
 15810 | D:15     | Killed Filipn's ghost
 15810 | D:15     | Received a gift from Okawaru
 15813 | D:15     | Reached skill level 10 in Fighting
 15814 | D:15     | Got a wizard robe {god gift}
 15912 | D:15     | Identified the +2 robe "Kado" {rElec} (Okawaru gifted it to
                  | you on level 15 of the Dungeon)
 16062 | D:15     | Reached skill level 10 in Dodging
 16063 | D:15     | Found a staircase to the Depths.
 16111 | D:15     | Reached XP level 14. HP: 125/143 MP: 17/17
 16286 | Depths:1 | Entered Level 1 of the Depths
 16286 | Depths:1 | Noticed a tengu reaver
 16434 | Orc:1    | Entered Level 1 of the Orcish Mines
 16590 | Orc:2    | Entered Level 2 of the Orcish Mines
 16608 | Orc:1    | Noticed an orc warlord
 16619 | Orc:2    | Killed an orc warlord
 17313 | Orc:2    | Noticed an orc warlord
 17493 | Orc:2    | Was placed under penance by Okawaru
 17617 | Orc:2    | Was forgiven by Okawaru
 17711 | Orc:2    | Found a staircase to the Elven Halls.
 17737 | Orc:2    | Received a gift from Okawaru
 17761 | Orc:2    | Found Ined's Book Boutique.
 17905 | Orc:2    | Found Okhlaidgh's Assorted Antiques.
 17914 | Orc:2    | Killed an orc warlord
 17955 | Orc:2    | Found Ichossot's General Store.
 17976 | Orc:2    | Found Uczosul's Food Boutique.
 17979 | Orc:2    | Bought a scroll of identify for 24 gold pieces
 18194 | Orc:2    | Found a roughly hewn altar of Beogh.
 18473 | Orc:1    | You fall into a shaft and drop 1 floor!
 18734 | Lair:1   | Entered Level 1 of the Lair of Beasts
 18773 | Lair:1   | Noticed Grum
 18784 | Lair:1   | Killed Grum
 18847 | Lair:1   | Reached skill level 10 in Invocations
 18889 | Lair:1   | Received a gift from Okawaru
 19638 | Lair:2   | You fall into a shaft and drop 1 floor!
 19882 | Lair:2   | Received a gift from Okawaru
 19889 | Lair:2   | Got a twisted battleaxe {god gift}
 19890 | Lair:2   | Identified the +1 battleaxe of Vaugumm {distort, rElec}
                  | (Okawaru gifted it to you on level 2 of the Lair of Beasts)
 20351 | Lair:3   | Found a shimmering altar of Xom.
 20846 | Lair:4   | Found a staircase to the Swamp.
 20873 | Lair:4   | Reached XP level 15. HP: 149/152 MP: 13/19
 21486 | Lair:4   | Found a hole to the Spider Nest.
 22462 | Lair:5   | Identified the +8 war axe "Giror" {vorpal, rElec} (You
                  | found it on level 5 of the Lair of Beasts)
 22701 | Lair:5   | Found a staircase to the Slime Pits.
 22762 | Lair:6   | Entered Level 6 of the Lair of Beasts
 23920 | Lair:6   | Received a gift from Okawaru
 24850 | Swamp:1  | Entered Level 1 of the Swamp
 24859 | Swamp:1  | Reached XP level 16. HP: 135/163 MP: 20/20
 25655 | Swamp:1  | Acquired a scarf of resistance
 25933 | Swamp:2  | Received a gift from Okawaru
 25939 | Swamp:2  | Got dazzling gold dragon scales {god gift}
 25950 | Swamp:2  | Identified the +5 gold dragon scales "Moyghola" {rElec
                  | rPois rF+ rC+ rN+} (Okawaru gifted it to you on level 2 of
                  | the Swamp)
 26008 | Swamp:2  | Noticed a thorn hunter
 26023 | Swamp:2  | Killed a thorn hunter
 26337 | Swamp:2  | Noticed a thorn hunter
 26358 | Swamp:2  | Killed a thorn hunter
 27328 | Swamp:3  | Acquired 2130 gold pieces
 27332 | Swamp:3  | Acquired a +2 tower shield of resistance
 27524 | Swamp:3  | Noticed Louise
 27561 | Swamp:3  | Killed Louise
 27996 | Swamp:4  | Entered Level 4 of the Swamp
 28389 | Swamp:4  | Received a gift from Okawaru
 28389 | Swamp:4  | Noticed the 27-headed Lernaean hydra
 28410 | Swamp:4  | Slain by the 27-headed Lernaean hydra

Illustrated notes

Levels and vault maps discovered:
D:1:      eino_arrival_druids_welcome, layout_rooms, chequers_jeans,
          amethyst_killhole, minmay_misc_feat_pillars, xom_teletrap_fun
D:2:      layout_rooms, nicolae_gozag_cash_rules_everything_around_me,
          minmay_pentomino_pile, uniq_robin, uniq_terence
D:3:      layout_loops_corners, nicolae_overflow_hidden_temple, tso_metal_star
D:4:      layout_rooms, chequers_serial_rivers_small_b
D:5:      layout_cave_pools, enter_ossuary_5, basic_altar, serial_shops,
          kennysheep_little_box, gup_sewer_entry_pipe, first_ration
D:6:      layout_loops_corners, old_standard_altar, lemuel_doored_altar,
          minmay_temple_entry_gardened_gates, serial_glass, glass_columns_b,
          glass_columns_b, nicolae_alphabet_shops
D:7:      minmay_chambers_of_sixes, layout_rooms, elyvilon_altar_5,
          kennysheep_mini_moat, enter_bailey_3, serial_shops, shop_fountains
D:8:      layout_loops_cross, fedhas_altar_1, okawaru_ov_weapons_minmay
D:9:      layout_stronghold, makhleb_blood_cavern_becter, hangedman_fish_farm,
          disabler_island, uniq_psyche, uniq_maggie, uniq_prince_ribbit1,
          uniq_gastronok, uniq_erica, uniq_pikel
D:10:     layout_grid_maze, david_lair_shrubbed, orc_0_dummy,
          minmay_quadrilaterals, uniq_harold
D:11:     layout_layer_cave
D:12:     layout_basic
D:13:     layout_loops_ring, nicolae_trove_entry_diagonal, gammafunk_ghost_grave
D:14:     minmay_roctagon, layout_small_grid,
          hangedman_vaults_entry_quadrant_bands, serial_shops,
          nicolae_shop_statue_plus
D:15:     hangedman_depths_entry_civil_slaughter, layout_loops_ring,
          chequers_decorated_corner, hellmonk_ghost_happy_afterlife,
          uniq_josephine
Temple:   dshaligram_water_room_temple
Lair:1:   layout_roguey, minivault_11, uniq_grum
Lair:2:   layout_gridlike
Lair:3:   layout_roguey, basic_altar, grunt_megastairs_1
Lair:4:   layout_regular_city, minmay_swamp_entry_swarm,
          spider_nest_entry_funnel_web, lemuel_fruit_tree
Lair:5:   layout_misc_corridors, dpeg_slime_entry_corner,
          infiniplex_staircase_pool
Lair:6:   evilmike_catoblepas_cave, layout_layer_cave, gauntlet_entry_generic,
          minmay_lindwurm_lava
Swamp:1:  layout_basic_swamp, hangedman_swamp_pad, infiniplex_staircase_pool_2
Swamp:2:  layout_basic_swamp, evilmike_swamp_ruin_house_2, swamp_pool4
Swamp:3:  layout_basic_swamp, evilmike_swamp_ruin_house_3, swamp_pool1,
          kb_tengu_band, uniq_louise
Swamp:4:  swamp_old_school, layout_basic_swamp, swamp_pool2
Orc:1:    layout_caves
Orc:2:    st_orc_open, layout_caves, special_room, nicolae_orc_stony_grotto,
          lemuel_statue_altar
Depths:1: layout_cave_shapes, grunt_decor_mini_mirrors,
          grunt_hell_entry_dis_grunt, minmay_alternating_orb,
          grunt_megastairs_3, uniq_sojobo

Skill      XL: |  1  2  3  4  5  6  7  8  9 10 11 12 13 14 15 16 |
---------------+-------------------------------------------------+-----
Armour         | 1 2 3 4 5 7 9 10 11 12 13 14 | 14.0
Fighting       | 3 4 5 6 7 8 9 10 11 12 | 12.2
Dodging        | 3 4 5 6 7 8 9 10 11 12 | 12.2
Unarmed Combat | 4 5 6 7 8 9 10 11 12 13 14 | 14.2
Invocations    | 3 5 6 7 9 10 11 12 | 12.0
Stealth        | |  1.0

Action                   |  1- 3 |  4- 6 |  7- 9 | 10-12 | 13-15 | 16-18 || total
-------------------------+-------+-------+-------+-------+-------+-------++-------
Melee: Unarmed           |    76 |   213 |   409 |   700 |  1250 |   456 ||  3104
       Punch             |     1 |     6 |    15 |    38 |   152 |    49 ||   261
       Flail             |       |       |       |    12 |     9 |    43 ||    64
Invok: Heroism           |       |       |     6 |    20 |    39 |    17 ||    82
       Finesse           |       |       |       |     4 |    15 |     4 ||    23
Evoke: Wand              |       |       |       |    11 |       |     9 ||    20
       Tin of tremorston |       |       |       |       |     3 |       ||     3
       Box of beasts     |       |       |       |       |     1 |       ||     1
  Use: Scroll            |       |    11 |     3 |    13 |    22 |     9 ||    58
       Potion            |       |     6 |     6 |     9 |     4 |     5 ||    30
 Stab: Sleeping          |     4 |     1 |     8 |     5 |     2 |       ||    20
       Distracted        |       |       |     1 |       |       |       ||     1
  Eat: Chunk             |    12 |    16 |    35 |    78 |    96 |    38 ||   275
Armor: Robe              |    29 |    59 |    89 |    46 |       |       ||   223
       Skin              |       |       |       |    78 |    20 |       ||    98
       Acid dragon scale |       |       |       |   170 |   413 |    42 ||   625
       Steam dragon scal |       |       |       |    14 |       |       ||    14
       Gold dragon scale |       |       |       |       |       |   439 ||   439
Dodge: Dodged            |    45 |   125 |   199 |   466 |   989 |   334 ||  2158
Block: Other             |       |       |       |   158 |   282 |   128 ||   568
       Reflection        |       |       |       |    11 |     9 |     1 ||    21
